 Dungeon Crawl Stone Soup version 0.19.1-1-g22dce08 (webtiles) character file.

922 Lennu the Slasher (level 8, 0/62 HPs)
             Began as a Formicid Chaos Knight on Jan 4, 2017.
             Slain by a shadow imp (4 damage)
             ... on level 5 of the Dungeon.
             The game lasted 00:20:26 (4056 turns).

Lennu the Slasher (Formicid Chaos Knight)           Turns: 4056, Time: 00:20:27

Health: 0/62       AC:  5    Str: 17    XL:     8   Next: 31%
Magic:  0/8        EV: 13    Int: 12    God:    Xom [.*....]
Gold:   272        SH:  0    Dex: 12    Spells: 0 memorised, 7 levels left

rFire  x . .     SeeInvis +     a - +1 falchion (chaos)
rCold  + . .     Gourm    .     b - +2 leather armour
rNeg   . . .     Faith    .     (no shield)
rPois  .         Spirit   +     (helmet unavailable)
rElec  .         Reflect  .     (no cloak)
rCorr  .         Harm     .     (no gloves)
MR     +....                    (no boots)
Stlth  ++........               h - amulet of guardian spirit
                                k - ring of ice
                                i - ring of protection from magic

@: no status effects
A: permanent stasis, dig shafts and tunnels, four strong arms, antennae 3
a: Dig, Shaft Self, Renounce Religion


You were on level 5 of the Dungeon.
You worshipped Xom.
You were a plaything of Xom.
You were hungry.

You visited 1 branch of the dungeon, and saw 5 of its levels.

You collected 272 gold pieces.

Inventory:

Hand Weapons
 a - a +1 falchion of chaos (weapon)
Missiles
 f - 2 throwing nets
 l - a tomahawk of dispersal (quivered)
Armour
 b - a +2 leather armour (worn)
Jewellery
 h - an amulet of guardian spirit (around neck)
 i - a ring of protection from magic (left hand)
 k - a ring of ice (right hand)
Wands
 d - a wand of slowing (33/48)
 q - a wand of paralysis (10/24)
Scrolls
 e - a scroll of enchant weapon
 g - a scroll of identify
 p - 2 scrolls of magic mapping
 t - 2 scrolls of remove curse
Potions
 j - 2 potions of might
 m - a potion of curing
 v - a potion of flight
Comestibles
 c - 3 bread rations


   Skills:
 * Level 5.1 Fighting
 * Level 6.6 Long Blades
 * Level 4.1 Armour
 * Level 3.1 Dodging
 + Level 3.6 Stealth
 + Level 0.4 Evocations


You had 7 spell levels left.
You didn't know any spells.

Dungeon Overview and Level Annotations

Branches:
Dungeon (5/15)
 Temple: D:4-7

Altars:
Cheibriados
Fedhas
Hepliaklqana
Ru


Innate Abilities, Weirdness & Mutations

You are under a permanent stasis effect.
You can dig through walls and to a lower floor.
Your four strong arms can wield two-handed weapons with a shield.
You have a pair of large antennae on your head. (SInv)


Message History

Throwing (i - inventory. (,) - cycle):
l - 2 tomahawks of dispersal (quivered)
Press: ? - help, Shift-Dir - straight line, f/p - ogre
Aim: an ogre, wielding a giant club (heavily wounded)
You throw a tomahawk of dispersal.
The tomahawk of dispersal hits the killer bee zombie.
The killer bee zombie blinks!
The killer bee zombie is severely damaged.
Unknown command.
The shadow imp hits you but does no damage.
You closely miss the shadow imp. The shadow imp barely misses you.
You riposte.
You closely miss the shadow imp. You hit the shadow imp.
The shadow imp is moderately wounded.
The shadow imp hits you.
* * * LOW HITPOINT WARNING * * *
You hit the shadow imp but do no damage.
Space bends around the shadow imp.
The shadow imp is severely wounded.
The shadow imp hits you.
You die...

## ##.#..... ...........
############ #.#...#....
#..........# ..........
#..........#### ##........$
#.............. ..........
#...(......#############.#.(.....
#...<......>....@5hZOh##.#.....##
#..........##########............
#..........# ##...#.....##
#..........# ##.###.......
############ #...........#
#############


You could see an ogre, a shadow imp, a killer bee zombie and 2 jackals.

Vanquished Creatures
  The ghost of karate69 the Ducker, an amateur DECj (D:4)
  The ghost of M4edhros the Ruffian, an amateur TrBe of Trog (D:3)
  Blork the orc (D:4)
  A scorpion (D:4)
  A crimson imp (D:3)
  A hound (D:3)
  4 orc wizards
  2 worker ants (D:4)
  An iguana (D:3)
  7 gnolls
  6 adders
  An ooze (D:1)
  An adder zombie (D:3)
  3 worms
  3 dart slugs
  4 leopard geckos
  12 orcs
  8 bats
  3 giant cockroaches
  10 goblins
  12 hobgoblins
  A jackal (D:1)
  3 quokkas
  5 frilled lizards
  4 kobolds
  A leopard gecko skeleton (D:5)
  5 rats
102 creatures vanquished.

Vanquished Creatures (collateral kills)
  Sigmund (D:2)
1 creature vanquished.

Grand Total: 103 creatures vanquished

Notes
Turn   | Place    | Note
-------+----------+-------------------------------------------
     0 | D:1      | Lennu the Formicid Chaos Knight began the quest for the Orb.
     0 | D:1      | Reached XP level 1. HP: 18/18 MP: 1/1
    21 | D:1      | XOM: harmless Fire miscast
   110 | D:1      | Reached XP level 2. HP: 19/24 MP: 2/2
   398 | D:1      | Reached XP level 3. HP: 30/30 MP: 3/3
   630 | D:1      | Reached skill level 1 in Dodging
   841 | D:1      | You fall through a shaft!
   842 | D:2      | Noticed Sigmund
   849 | D:2      | XOM: enchant monster (good)
   866 | D:2      | Killed Sigmund
   866 | D:2      | Reached skill level 4 in Long Blades
   866 | D:2      | Reached skill level 1 in Stealth
   866 | D:2      | Reached XP level 4. HP: 25/37 MP: 4/4
   866 | D:2      | Reached XP level 5. HP: 28/42 MP: 5/5
  1134 | D:2      | Found a sacrificial altar of Ru.
  1600 | D:3      | XOM: confuse monster(s)
  1603 | D:3      | Reached XP level 6. HP: 47/49 MP: 4/6
  1847 | D:3      | Reached skill level 5 in Long Blades
  1881 | D:3      | Found a blossoming altar of Fedhas.
  1991 | D:3      | XOM: mild Chrm miscast
  2017 | D:3      | Noticed M4edhros's ghost (amateur TrBe)
  2050 | D:3      | Killed M4edhros's ghost
  2050 | D:3      | Reached XP level 7. HP: 46/55 MP: 7/7
  2281 | D:3      | Found a snail-covered altar of Cheibriados.
  2358 | D:3      | XOM: divination: magic mapping
  2610 | D:3      | XOM: divination: magic mapping
  2972 | D:4      | Reached skill level 6 in Long Blades
  3046 | D:4      | Found a hazy altar of Hepliaklqana.
  3128 | D:4      | Noticed Blork the orc
  3139 | D:4      | Killed Blork the orc
  3139 | D:4      | Reached XP level 8. HP: 57/61 MP: 6/8
  3250 | D:4      | XOM: mild Chrm miscast
  3355 | D:4      | Noticed karate69's ghost (amateur DECj)
  3393 | D:4      | Killed karate69's ghost
  3393 | D:4      | Reached skill level 5 in Fighting
  3589 | D:4      | XOM: blink monster(s)
  3710 | D:4      | XOM: cloud trail
  4001 | D:5      | Entered Level 5 of the Dungeon
  4049 | D:5      | HP: 3/62 [killer bee zombie (2)]
  4056 | D:5      | Slain by a shadow imp

Skill      XL: |  1  2  3  4  5  6  7  8 |
---------------+-------------------------+-----
Fighting       | 4 5 |  5.1
Dodging        | 1 2 3 |  3.1
Long Blades    | 4 5 6 |  6.6
Stealth        | 1 2 3 |  3.6
Armour         | 3 4 |  4.1
Evocations     | |  0.4

Action                   |  1- 3 |  4- 6 |  7- 9 || total
-------------------------+-------+-------+-------++-------
Melee: Falchion          |    83 |   123 |   154 ||   360
Throw: Tomahawk          |       |       |     3 ||     3
Evoke: Wand              |       |     2 |       ||     2
  Use: Scroll            |       |     1 |    11 ||    12
       Potion            |       |       |     7 ||     7
 Stab: Paralysed         |     4 |    10 |       ||    14
       Petrifying        |     1 |     1 |     1 ||     3
       Sleeping          |       |     1 |     1 ||     2
       Confused          |       |     1 |     1 ||     2
       Petrified         |       |       |     4 ||     4
  Eat: Chunk             |       |     4 |     6 ||    10
Armor: Leather armour    |    31 |    30 |    30 ||    91
       Skin              |       |       |    12 ||    12
Dodge: Dodged            |    45 |    74 |    84 ||   203
       Rpst.: Falchion   |    15 |    18 |    30 ||    63
